 Dungeon Crawl Stone Soup version 0.25-a0-576-g50b708a4c4 (webtiles) character file.

Game seed: 10859382538548783764, levelgen mode: deterministic

109 ReteAZ the Slasher (level 4, 0/33 HPs)
             Began as a Merfolk Gladiator on Mar 1, 2020.
             Killed by divine providence
             ... invoked by an orc priest
              (13 damage)
             ... on level 3 of the Dungeon.
             The game lasted 00:04:25 (2535 turns).

ReteAZ the Slasher (Merfolk Gladiator)              Turns: 2535, Time: 00:04:25

Health: 0/33       AC:  4    Str: 14    XL:     4   Next: 90%
Magic:  4/4        EV: 14    Int:  7    God:
Gold:   97         SH:  0    Dex: 16    Spells: 3/3 levels left

rFire    . . .     SeeInvis .   a - +0 long sword
rCold    . . .     Gourm    .   (no shield)
rNeg     . . .     Faith    .   b - +0 leather armour
rPois    .         Spirit   .   c - +0 helmet
rElec    .         Reflect  .   (no cloak)
rCorr    .         Harm     .   (no gloves)
MR       .....                  (no boots)
Stlth    +.........             (no amulet)
HPRegen  0.11/turn              (no ring)
MPRegen  0.09/turn              (no ring)

@: no status effects
A: change form in water, swift swim, stealthy swim
a: no special abilities


You were on level 3 of the Dungeon.
You were not hungry.

You visited 1 branch of the dungeon, and saw 3 of its levels.

You collected 97 gold pieces.

Inventory:

Hand Weapons
 a - a +0 long sword (weapon)
Missiles
 d - 3 throwing nets
 i - 42 stones
 j - 10 boomerangs (quivered)
Armour
 b - a +0 leather armour (worn)
 c - a +0 helmet (worn)
Scrolls
 e - a scroll of identify {unknown}
 g - a scroll of random uselessness {unknown}
 h - 2 scrolls of immolation {unknown}
Comestibles
 f - 3 rations
 k - 3 chunks of flesh


   Skills:
 - Level 2.1 Fighting
 + Level 6.0 Long Blades
 - Level 2.0 Throwing
 - Level 4.0 Dodging


You had 3 spell levels left.
You didn't know any spells.
Your spell library was empty.

Dungeon Overview and Level Annotations

Branches:
Dungeon (3/15)

Altars:
Sif Muna
Yredelemnul


Message History

A jackal comes into view.
The quokka twitches its whiskers.
A kobold comes into view. It is wielding a +0 whip.
The orc priest calls down the wrath of Beogh upon you.
Beogh smites you!
A goblin comes into view.
The orc priest barely misses you.
The quokka bites you but does no damage.
An orc comes into view.
An orc comes into view. It is wielding a +0 mace.
A quokka comes into view.
The orc priest calls down the wrath of Beogh upon you.
Beogh smites you!
The orc shouts!
The quokka misses you.
You riposte.
You closely miss the quokka.
The orc priest begins to cast a cantrip, but forgets the words!
The quokka twitches its whiskers.
The orc priest invokes the aid of Beogh against you.
Beogh smites you!
You die...

#......o.# #...
#.....##.####r.#
#...._..o....o.#
#.#...##.K...##
#.#...##.oo..# #
+.....Kh...###.
#.....o.g......
#......r....... .
#...###@..#....
..####...###...#....
...............#...
#.................
#..................
#..................
#######.......##### .
########.........
...##.....##..........


You could see an orc priest, 4 orcs, 2 quokkas, a jackal, a goblin and 2
kobolds.

Vanquished Creatures
  2 adders (D:2)
  3 gnolls
  2 worms
  A leopard gecko (D:1)
  A ball python (D:1)
  6 bats
  3 giant cockroaches (D:1)
  7 goblins
  9 hobgoblins
  2 jackals (D:1)
  8 kobolds
  A quokka (D:2)
  2 frilled lizards
  10 rats
57 creatures vanquished.

Notes
Turn   | Place    | Note
-------+----------+-------------------------------------------
     0 | D:1      | ReteAZ the Merfolk Gladiator began the quest for the Orb.
     0 | D:1      | Reached XP level 1. HP: 16/16 MP: 1/1
   298 | D:1      | Reached XP level 2. HP: 19/22 MP: 2/2
   313 | D:1      | Reached skill level 4 in Long Blades
   594 | D:1      | Reached XP level 3. HP: 15/27 MP: 3/3
  1352 | D:2      | Reached skill level 5 in Long Blades
  1760 | D:2      | Found a shimmering blue altar of Sif Muna.
  1848 | D:2      | Reached XP level 4. HP: 30/33 MP: 4/4
  2479 | D:3      | Reached skill level 6 in Long Blades
  2502 | D:3      | Found a basalt altar of Yredelemnul.
  2535 | D:3      | Killed from afar by an orc priest

Levels and vault maps discovered:
D:1:      onia_arrival_handbag, layout_basic, minmay_misc_feat_ornament
D:2:      layout_loops_cross, led_sif_pool, grunt_decor_one_mirror
D:3:      minmay_spotlight, layout_basic, lemuel_round_altar,
          overflow_temple_1_default, first_ration, hex_medium, minmay_vboxes,
          uniq_sigmund

Skill      XL: |  1  2  3  4 |
---------------+-------------+-----
Long Blades    | 4 5 6 |  6.0
Fighting       | |  2.1
Throwing       | |  2.0
Dodging        | |  4.0

Action                   |  1- 3 |  4- 6 || total
-------------------------+-------+-------++-------
Melee: Long sword        |   131 |    28 ||   159
Throw: Boomerang         |     5 |     9 ||    14
       Stone             |     3 |       ||     3
 Stab: Sleeping          |     1 |       ||     1
  Eat: Chunk             |     3 |     2 ||     5
Armor: Leather armour    |    30 |     7 ||    37
Dodge: Dodged            |   118 |    22 ||   140
       Rpst.: Long sword |    42 |     7 ||    49

Table legend:
 A = Non-vault XP
 B = Vault XP
 C = Vault XP percentage of total XP
 D = Non-vault monster count
 E = Vault monster count
 F = Vault count percentage of total count
                 A         B        C        D         E       F
            +---------+---------+-------+---------+---------+-------
      Total |     153 |       4 |   2.5 |      53 |       4 |   7.0
            +---------+---------+-------+---------+---------+-------
        D:1 |      65 |       4 |   5.8 |      31 |       4 |  11.4
        D:2 |      80 |       0 |   0.0 |      19 |       0 |   0.0
        D:3 |       8 |       0 |   0.0 |       3 |       0 |   0.0
            +---------+---------+-------+---------+---------+-------
